 Dungeon Crawl Stone Soup version 0.31-a0-876-gfe8ebadbca (webtiles) character file.

Game seed: 15303278967838483477

596 BinkBink the Cleaver (level 7, -3/64 HPs)
             Began as a Hill Orc Fighter on Oct 12, 2023.
             Was a Follower of Yredelemnul.
             Slain by a yak (9 damage)
             ... on level 4 of the Dungeon.
             The game lasted 00:05:06 (3438 turns).

BinkBink the Cleaver (Hill Orc Fighter)             Turns: 3438, Time: 00:05:07

Health: -3/64      AC:  8    Str: 21    XL:     7   Next: 40%
Magic:  7/7        EV:  9    Int:  8    God:    Yredelemnul [*.....]
Gold:   314        SH:  4    Dex: 10    Spells: 6/6 levels left

rFire   . . .        a - +0 war axe
rCold   . . .        c - +0 buckler
rNeg    . . .        b - +0 scale mail
rPois   .            (no helmet)
rElec   .            (no cloak)
rCorr   .            t - +0 pair of gloves
SInv    .            (no boots)
Will    .....        s - amulet of faith Stlth
                     o - ring of flight
HPRegen 0.30/turn    (no ring)
MPRegen 0.10/turn

%: faith
@: mighty, flying
A: talons 1
a: Renounce Religion, Recall Undead Harvest


You were on level 4 of the Dungeon.
You worshipped Yredelemnul.
Yredelemnul was noncommittal.
You visited 1 branch of the dungeon, and saw 4 of its levels.
You also visited: Sewer.

You collected 314 gold pieces.

Inventory:

Hand Weapons
 a - a +0 war axe (weapon)
Armour
 b - a +0 scale mail (worn)
 c - a +0 buckler (worn)
 t - a +0 pair of gloves (worn)
 A - a +0 plate armour
Jewellery
 g - an amulet of guardian spirit
 o - a ring of flight (left hand)
 s - an amulet of faith (around neck)
Wands
 v - a wand of charming (9)
Scrolls
 e - 4 scrolls of revelation {unknown}
 f - 2 scrolls of vulnerability {unknown}
 l - 3 scrolls of fog {unknown}
 m - 3 scrolls of amnesia {unknown}
 p - a scroll of fear {unknown}
 q - 2 scrolls of teleportation {unknown}
 u - a scroll of identify {unknown}
 x - a scroll of torment {unknown}
 y - a scroll of poison {unknown}
Potions
 d - 2 potions of might
 h - a potion of lignification {unknown}
 i - a potion of enlightenment {unknown}
 j - 4 potions of curing
 k - a potion of heal wounds {unknown}
 n - a potion of degeneration {unknown}
 r - a potion of attraction {unknown}
 w - a potion of berserk rage {unknown}
 z - a potion of mutation
 B - a potion of invisibility {unknown}


   Skills:
 + Level 6.4 Fighting
 * Level 8.7 Axes
 - Level 3.2 Armour
 - Level 3.2 Shields


You had 6 spell levels left.
You didn't know any spells.
Your spell library was empty.

Dungeon Overview and Level Annotations

Branches:
Dungeon (4/15)              Sewer (visited)
 Temple: D:4-7

Altars:
Yredelemnul
The Shining One

Shops:
D:1 :


Innate Abilities, Weirdness & Mutations

You have sharp toenails.


Message History

You barely miss the yak. The yak gores you! You block the yak's attack.
You slash the yak!
You kill the yak!
You slash the goblin!
You kill the goblin!
You closely miss the yak.
The dead are walking!
The yak gores you.
You hit the yak.
The yak is lightly wounded.
You hit the yak. The yak gores you. You block the yak's attack.
You hit the yak but do no damage.
The yak is lightly wounded.
You hit the yak. The yak gores you. The yak closely misses you.
The yak gores you but does no damage.
Your worm zombie bites the yak.
You block the yak's attack.
You barely miss the yak.
The yak is moderately wounded.
You hit the yak but do no damage.
Your goblin zombie hits the yak but does no damage.
Your yak zombie barely misses the yak.
The yak barely misses you. The yak gores you!
You closely miss the yak.
The yak is lightly wounded.
You slash the yak!
Your goblin zombie barely misses the yak.
Your yak zombie barely misses the yak.
The yak gores you but does no damage. The yak gores you.
* * * LOW HITPOINT WARNING * * *
It was a potion of mutation.
You feel extremely strange.
Your toenails lengthen and sharpen.
Your yak zombie barely misses the yak.
Your goblin zombie hits the yak but does no damage.
Your worm zombie bites the yak.
The yak gores you but does no damage. The yak gores you!
* * * LOW HITPOINT WARNING * * *
You feel very mighty all of a sudden. The yak gores you.
* * * LOW HITPOINT WARNING * * *
Your yak zombie gores the yak!
The yak gores you!
You die...
Your body rises from the dead as a mindless zombie.

..## .... ...#
#..###.... ###...#...# #
. #........##.# ##
#.)......... .#.
##...#Z...##.. ...
#..YY#YZ...... #...
##..##@Z# ## ..#
#...#...## ..## ..
#...##...# ##.... #.
##.......## #... ###.
#.........####.# .##...
#..............###.#....
#............#..........
####.......#...##..>....
#........#...###......


You could see 3 yaks, a friendly yak zombie, a friendly worm zombie and a
friendly goblin zombie.

Vanquished Creatures
  A yak (D:4)
  A water moccasin (Sewer)
  A scorpion (D:4)
  2 orc wizards (D:3)
  4 gnolls (D:2)
  5 adders
  3 river rats (D:4)
  3 worms
  2 dart slugs
  4 orcs
  6 bats
  5 endoplasms
  3 giant cockroaches
  9 goblins
  9 hobgoblins
  9 jackals
  9 kobolds
  4 quokkas
  4 ball pythons
  7 frilled lizards
  11 rats
102 creatures vanquished.

Vanquished Creatures (others)
  An orc wizard (D:3)
  A ball python zombie (D:3)
  A goblin zombie (D:4)
3 creatures vanquished.

Grand Total: 105 creatures vanquished

Notes
Turn   | Place    | Note
-------+----------+-------------------------------------------
     0 | D:1      | BinkBink the Hill Orc Fighter began the quest for the Orb.
     0 | D:1      | Reached XP level 1. HP: 19/19 MP: 1/1
    25 | D:1      | Reached skill level 3 in Axes
   110 | D:1      | Reached XP level 2. HP: 22/27 MP: 2/2
   270 | D:1      | Reached skill level 4 in Axes
   295 | D:1      | Reached XP level 3. HP: 31/33 MP: 3/3
   410 | D:1      | Found Atsyesu's Book Emporium.
  1000 | D:2      | Reached XP level 4. HP: 33/41 MP: 4/4
  1004 | D:2      | Reached skill level 5 in Axes
  1330 | D:2      | Reached XP level 5. HP: 23/47 MP: 2/5
  1854 | D:3      | Reached skill level 5 in Fighting
  1854 | D:3      | Reached skill level 6 in Axes
  2524 | D:3      | Found a faded altar of an unknown god.
  2535 | D:3      | Prayed at the altar of an unknown god.
  2535 | D:3      | Became a worshipper of Yredelemnul the Dark
  2535 | D:3      | Reached * piety under Yredelemnul
  2543 | D:3      | Reached XP level 6. HP: 56/56 MP: 6/6
  2808 | D:4      | Found a glowing golden altar of the Shining One.
  2872 | D:4      | Reached skill level 7 in Axes
  2900 | D:4      | Found a glowing drain.
  2910 | D:4      | Reached ** piety under Yredelemnul
  3036 | Sewer    | Entered a sewer
  3095 | Sewer    | Noticed a water moccasin
  3103 | Sewer    | Killed a water moccasin
  3104 | Sewer    | Reached XP level 7. HP: 43/63 MP: 7/7
  3390 | D:4      | Reached skill level 8 in Axes
  3418 | D:4      | Noticed a yak
  3418 | D:4      | Noticed a yak
  3419 | D:4      | Noticed a yak
  3419 | D:4      | Noticed a yak
  3432 | D:4      | Killed a yak
  3437 | D:4      | Gained mutation: You have sharp toenails. [potion of
                  | mutation]
  3438 | D:4      | Slain by a yak

Illustrated notes

Levels and vault maps discovered:
D:1:      mainiacjoe_arrival_reflecting_pool, layout_loops_ring, serial_shops,
          shop, chequers_serial_rivers_small_a, minmay_surrounded
D:2:      minmay_angry_zag, layout_loops_ring
D:3:      layout_loops_ring, ebering_ecumenical_altar_mist
D:4:      layout_cave_pools, tso_metal_star, portal_sewer_entry_b

Skill      XL: |  1  2  3  4  5  6  7 |
---------------+----------------------+-----
Axes           | 3 4 5 6 7 8 |  8.7
Fighting       | 4 5 6 |  6.4
Armour         | |  3.2
Shields        | |  3.2

Action                     |  1- 3 |  4- 6 |  7- 9 || total
---------------------------+-------+-------+-------++-------
  Melee: War axe           |   111 |   178 |    23 ||   312
    Use: Potion            |       |     1 |     2 ||     3
   Stab: Distracted        |       |     1 |       ||     1
 Armour: Scale mail        |    74 |   130 |    24 ||   228
  Dodge: Dodged            |    41 |    69 |    10 ||   120
  Block: Buckler           |    21 |    38 |     6 ||    65

Table legend: (Time is in decaauts)
 A = Elapsed time spent in this place.
 B = Non-inter-level travel time spent in this place.
 C = Inter-level travel time spent in this place.
 D = Time resting spent in this place.
 E = Time spent auto-exploring this place.
 F = Levels seen in this place.
 G = Mean time per level.
                   A        B        C        D        E       F      G
               +--------+--------+--------+--------+--------+-----+--------+
         Total |   3521 |   3401 |    120 |    553 |   2078 |   5 |  704.2 |
       Dungeon |   3311 |   3191 |    120 |    553 |   1920 |   4 |  827.8 |
         Sewer |    210 |    210 |      0 |      0 |    158 |   1 |  210.0 |
               +--------+--------+--------+--------+--------+-----+--------+

Top non-repeatable levels by time:
     D:2: 1005 daAuts
     D:3: 984 daAuts
     D:1: 870 daAuts
     D:4: 450 daAuts
   Sewer: 210 daAuts
